 Dungeon Crawl Stone Soup version 0.23-a0-650-ga4d50d4 (webtiles) character file.

1353 dondy the Cleaver (level 8, -2/64 HPs)
             Began as a Hill Orc Monk on Jan 6, 2019.
             Was a Believer of Beogh.
             Slain by a centaur (6 damage)
             ... on level 4 of the Dungeon.
             The game lasted 00:10:52 (3684 turns).

dondy the Cleaver (Hill Orc Monk)                   Turns: 3684, Time: 00:10:56

Health: -2/64      AC:  6    Str: 16    XL:     8   Next: 63%
Magic:  8/8        EV:  8    Int: 10    God:    Beogh [**....]
Gold:   99         SH:  7    Dex: 13    Spells: 7/7 levels left

rFire    . . .     SeeInvis .   a - +0 hand axe
rCold    . . .     Gourm    .   l - +0 shield
rNeg     . . .     Faith    .   e - +0 ring mail {rPois}
rPois    +         Spirit   .   h - +0 helmet
rElec    .         Reflect  .   (no cloak)
rCorr    .         Harm     .   (no gloves)
MR       .....                  (no boots)
Stlth    +.........             (no amulet)
HPRegen  0.20/turn              (no ring)
MPRegen  0.11/turn              (no ring)

@: no status effects
A: no striking features
a: Smiting, Renounce Religion


You were on level 4 of the Dungeon.
You worshipped Beogh.
Beogh was pleased with you.
You were not hungry.

You visited 1 branch of the dungeon, and saw 7 of its levels.

You collected 99 gold pieces.

Inventory:

Hand Weapons
 a - a +0 hand axe (weapon)
Armour
 e - a +0 ring mail of poison resistance (worn)
 h - a +0 helmet (worn)
 l - a +0 shield (worn)
 p - a +0 plate armour
Wands
 r - a wand of enslavement (9)
Scrolls
 b - 2 scrolls of teleportation {unknown}
 f - 3 scrolls of remove curse
 g - a scroll of magic mapping {unknown}
 j - a scroll of fog {unknown}
 k - 2 scrolls of identify {unknown}
 m - a scroll of enchant armour {unknown}
 q - a scroll of enchant weapon {unknown}
Potions
 i - a potion of brilliance {unknown}
 o - a potion of curing {unknown}
Comestibles
 c - 9 rations
 n - a chunk of flesh


   Skills:
 - Level 3.6 Fighting
 + Level 13.4 Axes
 - Level 2.4 Dodging
 - Level 1.5 Stealth


You had 7 spell levels left.
You didn't know any spells.
Your spell library was empty.

Dungeon Overview and Level Annotations

Branches:
Dungeon (7/15)             Temple (0/1) D:7

Altars:
Ashenzari
Cheibriados
Dithmenos
Qazlal

Annotations:
D:5 exclusion: sky beast
D:6 3 runed doors, Defined's ghost, novice DsFi
D:7 Menkaure


Message History

The centaur closely misses you.
You hit the centaur but do no damage.
The centaur is heavily wounded.
The centaur hits you.
* * * LOW HITPOINT WARNING * * *
The centaur hits you but does no damage.
You hit the centaur.
The centaur is severely wounded.
The centaur hits you.
* * * LOW HITPOINT WARNING * * *
You hit the centaur.
The centaur is almost dead.
The centaur hits you but does no damage.
You hit the centaur.
The centaur is almost dead.
The centaur barely misses you.
You hit the centaur but do no damage.
The centaur is almost dead.
The centaur hits you.
You die...

########>..............
#......................
#.................._.§.
#.........).......§....
#......................
#......................
#......................
#...........[c.........
#............@.........
............(÷........
..[.......(.........
..........(.........
...........(........
...........(........
....................
.............)......
....................


You could see a centaur.

Vanquished Creatures
  Pikel (D:7)
  Grinder (D:5)
  A water moccasin (D:6)
  A sky beast (D:4)
  A slave (D:6)
  An ogre (D:4)
  2 centaurs (D:6)
  A bullfrog (D:6)
  2 howler monkeys
  2 iguanas (D:6)
  2 worker ants
  2 adders
  2 worms (D:4)
  A dart slug (D:2)
  2 leopard geckos
  An orc (D:4)
  A giant cockroach (D:4)
  4 goblins (D:2)
  2 hobgoblins (D:2)
  A quokka (D:4)
  A ball python skeleton (D:5)
  A bat (D:2)
  A kobold (D:2)
  A leopard gecko skeleton (D:6)
  2 rats
37 creatures vanquished.

Vanquished Creatures (others)
  A scorpion (D:7)
  A quokka (D:7)
2 creatures vanquished.

Grand Total: 39 creatures vanquished

Notes
Turn   | Place    | Note
-------+----------+-------------------------------------------
     0 | D:1      | dondy the Hill Orc Monk began the quest for the Orb.
     0 | D:1      | Reached XP level 1. HP: 19/19 MP: 1/1
   273 | D:2      | Reached XP level 2. HP: 11/26 MP: 2/2
   483 | D:2      | Reached skill level 5 in Axes
   622 | D:5      | Entered Level 5 of the Dungeon
   788 | D:6      | Noticed a centaur
   886 | D:6      | Found a runed gate.
   886 | D:6      | Found a runed gate.
   886 | D:6      | Found a runed gate.
   950 | D:7      | Reached XP level 3. HP: 31/31 MP: 3/3
   974 | D:7      | Found a shattered altar of Ashenzari.
   974 | D:7      | Found a snail-covered altar of Cheibriados.
  1047 | D:7      | Found a staircase to the Ecumenical Temple.
  1048 | D:7      | Found a stormy altar of Qazlal.
  1061 | D:7      | Reached skill level 6 in Axes
  1061 | D:7      | Reached XP level 4. HP: 30/39 MP: 4/4
  1062 | D:7      | Noticed a slave
  1159 | D:6      | Reached skill level 7 in Axes
  1182 | D:6      | Killed a slave
  1222 | D:6      | Noticed a centaur
  1451 | D:6      | Killed a centaur
  1451 | D:6      | Reached skill level 8 in Axes
  1451 | D:6      | Reached XP level 5. HP: 22/45 MP: 5/5
  1484 | D:7      | Noticed an ogre
  1787 | D:6      | Noticed Defined's ghost (novice DsFi)
  1791 | D:7      | Noticed Menkaure
  1836 | D:6      | Noticed a water moccasin
  1855 | D:6      | Killed a water moccasin
  1855 | D:6      | Reached skill level 9 in Axes
  1855 | D:6      | Reached XP level 6. HP: 38/51 MP: 6/6
  1940 | D:7      | Noticed a slave
  1940 | D:7      | Noticed Pikel
  1941 | D:7      | Noticed a slave
  1948 | D:7      | Noticed a slave
  1986 | D:7      | Killed Pikel
  1986 | D:7      | Reached skill level 11 in Axes
  1986 | D:7      | Reached XP level 7. HP: 6/57 MP: 7/7
  2393 | D:6      | Reached XP level 8. HP: 55/64 MP: 8/8
  2553 | D:6      | Became a worshipper of Beogh the Brigand
  2553 | D:6      | Reached * piety under Beogh
  2553 | D:6      | Reached ** piety under Beogh
  2862 | D:6      | Reached skill level 12 in Axes
  3004 | D:5      | Noticed Grinder
  3014 | D:5      | Paralysed by Grinder for 2 turns
  3033 | D:5      | Killed Grinder
  3403 | D:4      | Reached skill level 13 in Axes
  3491 | D:4      | Found a shadowy altar of Dithmenos.
  3684 | D:4      | Slain by a centaur

Vault maps used:
D:1:      co_arrival_square_in_a_square_in_a_square, supply_closet_lemuel,
          serial_bayou_lagoon_b
D:2:      lemuel_coloured_pillars_altar, chequers_ecumenical_altar_simple,
          bloody_trog
D:3:      minmay_roachtagon, nicolae_overflow_hidden_temple
D:4:      grunt_dithmenos_smoke, fedhas_bush_and_centaur_altar
D:5:      first_ration, serial_glass, glass_columns_b, glass_columns_b,
          uniq_grinder, uniq_ijyb
D:6:      gammafunk_ghost_split, minivault_5, chequers_serial_rivers_small_a,
          centaur_isle
D:7:      overflow_temple_1_default, gammafunk_temple_overflow_elements,
          minmay_temple_entry_trees, uniq_menkaure, uniq_pikel

Skill      XL: |  1  2  3  4  5  6  7  8 |
---------------+-------------------------+-----
Axes           | 5 6 8 9 11 13 | 13.4
Fighting       | |  3.6
Dodging        | |  2.4
Stealth        | |  1.5

Action                   |  1- 3 |  4- 6 |  7- 9 || total
-------------------------+-------+-------+-------++-------
Melee: Hand axe          |    51 |   160 |   124 ||   335
Invok: Convert to Beogh  |       |       |     1 ||     1
  Use: Scroll            |     1 |       |       ||     1
       Potion            |       |     2 |     1 ||     3
  Eat: Chunk             |       |     3 |     6 ||     9
Armor: Ring mail         |    14 |    32 |    22 ||    68
       Robe              |     1 |       |       ||     1
       Skin              |       |    13 |       ||    13
Dodge: Dodged            |    24 |    38 |    27 ||    89
Block: Shield            |     3 |    46 |    21 ||    70

Table legend:
 A = Non-vault XP
 B = Vault XP
 C = Vault XP percentage of total XP
 D = Non-vault monster count
 E = Vault monster count
 F = Vault count percentage of total count
                 A         B        C        D         E       F
            +---------+---------+-------+---------+---------+-------
      Total |    1027 |     906 |  46.9 |      34 |       2 |   5.6
            +---------+---------+-------+---------+---------+-------
        D:1 |       1 |       0 |   0.0 |       1 |       0 |   0.0
        D:2 |      22 |       0 |   0.0 |      11 |       0 |   0.0
        D:4 |     308 |       0 |   0.0 |       8 |       0 |   0.0
        D:5 |       1 |     277 |  99.6 |       1 |       1 |  50.0
        D:6 |     630 |       0 |   0.0 |      10 |       0 |   0.0
        D:7 |      65 |     629 |  90.6 |       3 |       1 |  25.0
            +---------+---------+-------+---------+---------+-------
